 Dungeon Crawl Stone Soup version 0.29.1-15-g9cfb28693d (webtiles) character file.

Game seed: 4159672679142025968

3977 101zpm the Thaumaturge (level 10, -13/60 HPs)
             Began as a Djinni Fire Elementalist on Mar 13, 2023.
             Shot with a sling bullet by Joseph (15 damage)
             ... on level 7 of the Dungeon.
             The game lasted 00:34:52 (9638 turns).

101zpm the Thaumaturge (Djinni Fire Elementalist)   Turns: 9638, Time: 00:34:53

Health: -13/60     AC:  9    Str:  7    XL:     10   Next: 46%
Gold:   436        EV: 12    Int: 22    God:
                   SH:  3    Dex: 13

rFire   + + .      SeeInvis +   k - +2 hand axe (flame)
rCold   x . .      Faith    .   y - +0 buckler
rNeg    . . .      Spirit   .   E - +0 steam dragon scales
rPois   ∞          Reflect  .   s - +0 helmet
rElec   .          Harm     .   l - +2 cloak of the Thief {*Fog Slay-2 SInv Stlth+}
rCorr   .          Rampage  .   (no gloves)
Will    +....                   (boots unavailable)
Stlth   +++.......              (no amulet)
HPRegen 0.20/turn               (no ring)
MPRegen 0.00/turn               (no ring)

@: flying
A: sickness immunity, fire resistance 2, cold vulnerability 1, float, innate
caster, HP casting, extra vitality 1
a: no special abilities


You were on level 7 of the Dungeon.
You visited 1 branch of the dungeon, and saw 7 of its levels.
You also visited: Ossuary.

You collected 436 gold pieces.

Inventory:

Hand Weapons
 k - a +2 hand axe of flaming (weapon)
Missiles
 d - 7 boomerangs (quivered)
Armour
 a - a +0 robe
 l - the +2 cloak of the Thief (worn) {*Fog Slay-2 SInv Stlth+}
   (You acquired it on level 2 of the Dungeon)

   It may release a thick cloud of smoke when the wearer is hurt.
   Slay:      It affects your accuracy & damage with ranged weapons and melee
   (-2).
   SInv:      It lets you see invisible.
   Stlth:     It makes you more stealthy.
 s - a +0 helmet (worn)
 u - a scarf of resistance
 y - a +0 buckler (worn)
 E - +0 steam dragon scales (worn)
Magical Staves
 v - a staff of earth
 B - a staff of poison
Jewellery
 K - a +4 ring of evasion
Wands
 z - a wand of paralysis (8)
 C - a wand of iceblast (8)
 D - a wand of flame (17)
Scrolls
 c - 4 scrolls of poison
 e - 4 scrolls of amnesia
 f - 4 scrolls of fog
 j - 4 scrolls of noise
 m - 5 scrolls of teleportation
 t - a scroll of brand weapon {unknown}
 A - 2 scrolls of vulnerability
 G - 2 scrolls of identify
 H - 2 scrolls of summoning {unknown}
 I - 2 scrolls of enchant armour {unknown}
 J - a scroll of enchant weapon {unknown}
Potions
 b - 4 potions of magic
 g - 4 potions of heal wounds
 h - 4 potions of curing {unknown}
 i - 2 potions of attraction {unknown}
 n - a potion of resistance {unknown}
 o - 3 potions of might
 p - 2 potions of berserk rage {unknown}
 q - a potion of invisibility {unknown}
 r - 2 potions of flight {unknown}
 w - a potion of degeneration {unknown}
 x - a potion of brilliance {unknown}
 F - a potion of mutation {unknown}
 L - a potion of haste {unknown}


   Skills:
 + Level 0.1 Fighting
 + Level 4.6 Throwing
 + Level 3.0 Dodging
 + Level 3.2 Stealth
 + Level 10.1 Spellcasting


You had 6 spell levels left.
You knew the following spells:

 Your Spells              Type           Power      Damage    Failure   Level
a - Foxfire               Conj/Fire      100%       2x1d9     1%          1
b - Scorch                Fire           100%       2d10      1%          2
c - Conjure Flame         Conj/Fire      54%        6-21      1%          3
d - Inner Flame           Hex/Fire       54%        N/A       1%          3
e - Flame Wave            Conj/Fire      54%        2d13      1%          4
f - Sting                 Tmut/Pois      100%       1d8       1%          1
g - Call Imp              Summ           54%        N/A       1%          2
h - Confusing Touch       Hex            54%        N/A       1%          3
i - Corpse Rot            Necr/Pois/Air  54%        N/A       1%          4
Your spell library was empty.

Dungeon Overview and Level Annotations

Branches:
Dungeon (7/15)            Ossuary (visited)
 Temple: D:4-7

Altars:
Gozag
Qazlal
Uskayaw

Shops:
D:7 !

Annotations:
D:6 1 runed translucent door, Crazy Yiuf
D:7 Joseph, Pikel


Innate Abilities, Weirdness & Mutations

You are immune to sickness and miasma.
You are immune to poison.
Your flesh is very heat resistant. (rF++)
You are vulnerable to cold. (rC-)
You float through the air rather than walking.
You learn spells naturally, not from books.
Your magical power is your life essence.
You have superior vitality. (+4 MHP)


Message History

The lemure is moderately wounded.
The howler monkey is engulfed in blazing flames.
Flame seeps out of the howler monkey.
Casting: Foxfire (safe; 1% risk of failure)
Confirm with . or Enter, or press ? or * to list all spells.
Aiming: Inner Flame (safe; 1% risk of failure)
Press: ? - help, Dir - move target, f - orc, p - howler monkey
Aim: an orc, wielding a +0 hand axe (chance to affect: 99%)
The orc is filled with an inner flame.
* * * LOW HITPOINT WARNING * * *
The foxfire hits the howler monkey!
The howler monkey explodes!
The fiery explosion engulfs the lemure!!
The lemure is almost dead.
The lemure is engulfed in blazing flames.
You kill the lemure!
That felt strangely unrewarding.
You hear a shout!
Casting: Inner Flame (safe; 1% risk of failure)
Confirm with . or Enter, or press ? or * to list all spells.
You conjure some foxfire!
* * * LOW HITPOINT WARNING * * *
The foxfire hits the orc.
Flame seeps out of the orc.
The orc is severely wounded.
The orc is engulfed in blazing flames.
The orc explodes!
Your foxfire dissipates!
There is a stone staircase leading down here.
You start resting.
Your crimson imp blinks!
Joseph is nearby!
Casting: Foxfire (safe; 1% risk of failure)
Confirm with . or Enter, or press ? or * to list all spells.
Aiming: Inner Flame (safe; 1% risk of failure)
Press: ? - help, Dir - move target, f - Joseph
Aim: Joseph, wielding a +0 sling and wearing a +0 leather armour (heavily wounded, chance to affect: 85%) Joseph is filled with an inner flame.
* * * LOW HITPOINT WARNING * * *
Joseph shoots a sling bullet.
The sling bullet hits you!
You die...

.###.............
.................
.................
..o.............
.....#..@.......
oK..h#......##
.....#....KK#
.........§☼○######
.........@§.°...@#
.........§§☼##'#.#
...........§#≈.#.#
...........#≈≈.###
...........'..∩..+
...........###.≈≈#
......##....##.≈.#
.............#'#.#
.................#


You could see Joseph (inner flame).

Vanquished Creatures
  A komodo dragon (D:5)
  Prince Ribbit (D:6)
  Sigmund (D:2)
  A steam dragon (D:5)
  2 orc warriors
  4 ice beasts
  An ogre (D:5)
  A black bear (D:5)
  2 centaurs
  3 lemures (D:7)
  A phantom (D:6)
  A necrophage (D:7)
  12 scorpions
  6 killer bees (D:7)
  A howler monkey (D:7)
  2 centaur zombies (Ossuary)
  3 hounds
  4 human zombies (Ossuary)
  2 jellies
  A gnoll bouda (D:7)
  An iguana (D:5)
  5 scorpion zombies (Ossuary)
  3 orc wizards
  3 mummies (Ossuary)
  Robin (D:4)
  13 gnolls
  8 adders
  A shadow imp (D:6)
  An ufetubus (D:6)
  7 worms
  2 dart slugs
  15 orcs
  5 ball pythons
  10 endoplasms
  2 giant cockroaches (D:1)
  3 gnoll zombies (Ossuary)
  10 goblins
  6 hobgoblins
  3 jackals (D:2)
  2 kobolds (D:1)
  2 quokkas
  6 bats
  A frilled lizard (D:1)
  A hobgoblin zombie (Ossuary)
  2 kobold zombies (Ossuary)
  2 orc zombies (Ossuary)
  A rat (D:1)
166 creatures vanquished.

Vanquished Creatures (collateral kills)
  A hornet (D:7)
1 creature vanquished.

Vanquished Creatures (others)
  A sky beast (D:7)
  245 foxfires
246 creatures vanquished.

Grand Total: 413 creatures vanquished

Notes
Turn   | Place    | Note
-------+----------+-------------------------------------------
     0 | D:1      | 101zpm the Djinni Fire Elementalist began the quest for the
                  | Orb.
     0 | D:1      | 101zpm set off with the following spells memorised:
                  | Foxfire, Scorch, Conjure Flame, Inner Flame, Flame Wave.
     0 | D:1      | Reached XP level 1. HP: 15/15 MP: 0/0
   262 | D:2      | Noticed Sigmund
   283 | D:3      | Reached XP level 2. HP: 15/21 MP: 0/0
   402 | D:3      | Reached skill level 3 in Spellcasting
   503 | D:3      | Reached XP level 3. HP: 25/25 MP: 0/0
   503 | D:3      | Learned a level 1 spell: Sting
   969 | D:4      | Found a sand-covered staircase.
   980 | Ossuary  | Entered an ossuary
   990 | Ossuary  | Noticed a scorpion
   993 | Ossuary  | Killed a scorpion
   994 | Ossuary  | Reached XP level 4. HP: 25/31 MP: 0/0
   994 | Ossuary  | Reached XP level 5. HP: 29/35 MP: 0/0
   994 | Ossuary  | Learned a level 2 spell: Call Imp
   998 | Ossuary  | Reached skill level 1 in Throwing
  1153 | Ossuary  | Reached skill level 4 in Spellcasting
  1153 | Ossuary  | Reached XP level 6. HP: 16/40 MP: 0/0
  1529 | Ossuary  | Reached XP level 7. HP: 19/45 MP: 0/0
  1529 | Ossuary  | Learned a level 3 spell: Confusing Touch
  1929 | Ossuary  | Reached skill level 5 in Spellcasting
  1938 | Ossuary  | Reached XP level 8. HP: 8/50 MP: 0/0
  2383 | Ossuary  | Reached skill level 6 in Spellcasting
  3190 | D:4      | Found a hide-covered altar of Uskayaw.
  3300 | D:4      | Noticed Robin
  3315 | D:4      | Killed Robin
  4040 | D:5      | Entered Level 5 of the Dungeon
  4071 | D:5      | Noticed a komodo dragon
  4078 | D:5      | Killed a komodo dragon
  4079 | D:5      | Reached skill level 7 in Spellcasting
  5346 | D:1      | Found a faded altar of an unknown god.
  5499 | D:2      | Killed Sigmund
  5500 | D:2      | Reached XP level 9. HP: 46/55 MP: 0/0
  5500 | D:2      | Learned a level 4 spell: Corpse Rot
  6568 | D:2      | Identified a scroll of acquirement
  6574 | D:2      | Acquired the +2 cloak of the Thief {*Fog Slay-2 SInv
                  | Stlth+}
  6574 | D:2      | Found the +2 cloak of the Thief {*Fog Slay-2 SInv Stlth+}
  7056 | D:5      | Reached skill level 8 in Spellcasting
  7737 | D:6      | Found a stormy altar of Qazlal.
  8007 | D:6      | Reached skill level 9 in Spellcasting
  8053 | D:6      | Noticed Prince Ribbit
  8058 | D:6      | Killed Prince Ribbit
  8059 | D:6      | Reached XP level 10. HP: 46/60 MP: 0/0
  8214 | D:6      | Found an opulent altar of Gozag.
  8667 | D:6      | Found a runed translucent door.
  8668 | D:6      | Noticed Crazy Yiuf
  9404 | D:7      | Reached skill level 10 in Spellcasting
  9581 | D:7      | Found Vefid's Distillery.
  9601 | D:7      | Noticed Joseph
  9604 | D:7      | Noticed Pikel
  9638 | D:7      | Shot with a sling bullet by Joseph

Illustrated notes

Levels and vault maps discovered:
D:1:      psy_arrival_radial02, layout_rooms, shapermc_ecumenical_altar_venn
D:2:      layout_loops_cross, uniq_sigmund
D:3:      layout_rooms
D:4:      layout_basic, eat_drink_and_be_merry_uskayaw,
          nicolae_ossuary_entry_ruins, nicolae_elevator_lobby_plus, uniq_robin
D:5:      layout_cave_pools, portal_sewer_entry_e, kennysheep_small_circle
D:6:      layout_basic, nicolae_gozag_cash_rules_everything_around_me,
          nicolae_qazlal_style_of_elements, lightli_orcish_oven,
          uniq_prince_ribbit1, uniq_crazy_yiuf_cottage
D:7:      kennysheep_steamy, layout_basic, lemuel_doored_altar,
          lemuel_temple_firewalk_a, serial_shops, nicolae_shop_hallway_plus,
          uniq_joseph, uniq_menkaure, uniq_duvessa, uniq_pikel

Skill      XL: |  1  2  3  4  5  6  7  8  9 10 |
---------------+-------------------------------+-----
Spellcasting   | 3 4 5 7 9 10 | 10.1
Stealth        | 2 3 |  3.2
Throwing       | 1 2 3 4 |  4.6
Dodging        | 3 |  3.0
Fighting       | |  0.1

Action                   |  1- 3 |  4- 6 |  7- 9 | 10-12 || total
-------------------------+-------+-------+-------+-------++-------
Throw: Boomerang         |    29 |     1 |    22 |    26 ||    78
 Cast: Foxfire           |    33 |     6 |   103 |    14 ||   156
       Inner Flame       |     1 |    10 |    93 |    37 ||   141
       Scorch            |       |     8 |    54 |    17 ||    79
       Call Imp          |       |     3 |    17 |     6 ||    26
       Confusing Touch   |       |       |     2 |       ||     2
  Use: Scroll            |     3 |       |     8 |       ||    11
Armor: Robe              |     3 |     3 |     1 |       ||     7
       Steam dragon scal |       |       |       |     4 ||     4
Dodge: Dodged            |     6 |     5 |     8 |    11 ||    30
Block: Buckler           |       |       |     2 |     7 ||     9
